TOP OF THE 1ST |
Pompano Beach Stingrays batting - Pitching for Tampa Pirates : RHP Derek Botelho
|
Pitching: RHP Derek Botelho
|
|
Batting: RHB Jorge Villalobos
|
0-0: DOUBLE (Line Drive, 7LM, EV 103.8 MPH)
|
Batting: SHB Gene Roof
|
0-0: Fly out, F7 (Flyball, 78M, EV 81.3 MPH)
|
Batting: RHB Lance Junker
|
0-0: Fly out, F8 (Flyball, 8RM, EV 90.6 MPH) Runner from 2nd tags up, SAFE at 3rd with throw by CF
|
Batting: RHB Mark Strucher
|
0-0: Ball 1-0: Foul Ball, location: 2F 1-1: Ball 2-1: Foul Ball, location: 2F 2-2: Foul Ball, location: 2F 2-2: Ball 3-2: Ground out 6-3 (Groundball, 6, EV 91.9 MPH)
|
Top of the 1st over - 0 runs, 1 hit, 0 errors, 1 left on base; Pompano Beach 0 - Tampa 0 |
BOTTOM OF THE 1ST |
Tampa Pirates batting - Pitching for Pompano Beach Stingrays : RHP Steven Viskas
|
Pitching: RHP Steven Viskas
|
|
Batting: RHB Erwin Bryant
|
0-0: Ball 1-0: Foul Ball, location: 2F 1-1: Ball 2-1: Ball 3-1: Foul Ball, location: 2F 3-2: Base on Balls
|
Batting: RHB Ricky Jones
|
0-0: Called Strike 0-1: Ball 1-1: Fly out, F6 (Popup, 6M, EV 73.8 MPH)
|
Batting: LHB Pedro Nunez
|
0-0: Ball 1-0: Grounds into double play, 6-4-3 (Groundball, 6, EV 87.5 MPH)
|
Bottom of the 1st over - 0 runs, 0 hits, 0 errors, 0 left on base; Pompano Beach 0 - Tampa 0 |
TOP OF THE 2ND |
Pompano Beach Stingrays batting - Pitching for Tampa Pirates : RHP Derek Botelho
|
Batting: SHB Juan Molina
|
0-0: Ground out 4-3 (Groundball, 4, EV 79.4 MPH)
|
Batting: LHB Steve Phillips
|
0-0: Called Strike 0-1: Ball 1-1: Ball 2-1: Ball 3-1: SINGLE (Groundball, 6D, EV 100.0 MPH)
|
Batting: SHB Maury Ornest
|
0-0: Ball 1-0: SINGLE (Groundball, 4MD, EV 98.1 MPH) Steve Phillips to second Runner from 2nd tries for 3rd, SAFE, throw by CF made to third
|
Batting: RHB William Waag
|
0-0: Called Strike 0-1: Ball 1-1: Ball 2-1: Swinging Strike 2-2: Ball 3-2: Foul Ball, location: 2F 3-2: Foul Ball, location: 2F 3-2: Fly out, F8 (Flyball, 8RXD, EV 90.0 MPH) Runner from 3rd tags up, SCORES, no throw by CF
|
Batting: RHB Jimmy Thomas
|
0-0: Called Strike 0-1: Ball 1-1: Ball 2-1: Foul Ball, location: 2F 2-2: Foul Ball, location: 2F 2-2: Ball 3-2: Base on Balls Maury Ornest to second
|
Batting: RHB Jorge Villalobos
|
0-0: Called Strike 0-1: Ball 1-1: Foul Ball, location: 2F 1-2: Foul Ball, location: 2F 1-2: Fielders Choice at 2nd, 5-4 (Groundball, 5L, EV 107.5 MPH)
|
Top of the 2nd over - 1 run, 2 hits, 0 errors, 2 left on base; Pompano Beach 1 - Tampa 0 |
BOTTOM OF THE 2ND |
Tampa Pirates batting - Pitching for Pompano Beach Stingrays : RHP Steven Viskas
|
Batting: LHB David Frederick
|
0-0: Foul Ball, location: 2F 0-1: Ball 1-1: Foul Ball, location: 2F 1-2: Strikes out swinging
|
Batting: RHB Cliff Pastornicky
|
0-0: Ball 1-0: Called Strike 1-1: Swinging Strike 1-2: Ball 2-2: Ball 3-2: Strikes out swinging
|
Batting: LHB Alfredo Rodriguez
|
0-0: Ball 1-0: Foul Ball, location: 2F 1-1: Foul Ball, location: 2F 1-2: Ground out 4-3 (Groundball, 4, EV 77.5 MPH)
|
Bottom of the 2nd over - 0 runs, 0 hits, 0 errors, 0 left on base; Pompano Beach 1 - Tampa 0 |
TOP OF THE 3RD |
Pompano Beach Stingrays batting - Pitching for Tampa Pirates : RHP Derek Botelho
|
Batting: SHB Gene Roof
|
0-0: Swinging Strike 0-1: Swinging Strike 0-2: Strikes out swinging
|
Batting: RHB Lance Junker
|
0-0: Ball 1-0: Ball 2-0: Foul Ball, location: 2F 2-1: Foul Ball, location: 2F 2-2: Ball 3-2: Base on Balls
|
Batting: RHB Mark Strucher
|
0-0: Ball 1-0: Ball 2-0: Called Strike 2-1: Ball 3-1: Base on Balls Lance Junker to second
|
Batting: SHB Juan Molina
|
0-0: Ball 1-0: Called Strike 1-1: Fly out, F9 (Line Drive, 9D, EV 103.8 MPH) Runner from 2nd tags up, SAFE at 3rd, no throw by RF
|
Batting: LHB Steve Phillips
|
0-0: Called Strike 0-1: Ball 1-1: Ball 2-1: SINGLE (Line Drive, 34, EV 108.1 MPH) Lance Junker scores Mark Strucher to second
|
Batting: SHB Maury Ornest
|
0-0: Ball 1-0: Ball 2-0: Ball 3-0: Base on Balls Mark Strucher to third Steve Phillips to second
|
Batting: RHB William Waag
|
0-0: Ball 1-0: Fly out, F8 (Flyball, 8RXD, EV 96.9 MPH)
|
Top of the 3rd over - 1 run, 1 hit, 0 errors, 3 left on base; Pompano Beach 2 - Tampa 0 |
BOTTOM OF THE 3RD |
Tampa Pirates batting - Pitching for Pompano Beach Stingrays : RHP Steven Viskas
|
Batting: RHB Dale Eiler
|
0-0: Called Strike 0-1: DOUBLE (Flyball, 89XD, EV 93.1 MPH)
|
Batting: RHB Roy Dixon
|
0-0: Called Strike 0-1: Swinging Strike 0-2: Ball 1-2: Ball 2-2: DOUBLE (Line Drive, 7LS, EV 99.4 MPH) Dale Eiler scores
|
Batting: LHB Charles Rouse
|
0-0: Ball 1-0: Called Strike 1-1: Ball 2-1: Ball 3-1: Swinging Strike 3-2: Strikes out looking
|
Batting: RHB Erwin Bryant
|
0-0: Ball 1-0: Ball 2-0: Ball 3-0: Called Strike 3-1: Fly out, F7 (Flyball, 7S, EV 90.0 MPH)
|
Batting: RHB Ricky Jones
|
0-0: Called Strike 0-1: Ball 1-1: Ball 2-1: DOUBLE (Line Drive, 78M, EV 102.5 MPH) Roy Dixon scores
|
Batting: LHB Pedro Nunez
|
0-0: Fly out, F8 (Line Drive, 8RD, EV 88.1 MPH)
|
Bottom of the 3rd over - 2 runs, 3 hits, 0 errors, 1 left on base; Pompano Beach 2 - Tampa 2 |
TOP OF THE 4TH |
Pompano Beach Stingrays batting - Pitching for Tampa Pirates : RHP Derek Botelho
|
Batting: RHB Jimmy Thomas
|
0-0: Swinging Strike 0-1: Ball 1-1: Ball 2-1: Foul Ball, location: 2F 2-2: Foul Ball, location: 2F 2-2: Ball 3-2: Base on Balls
|
Batting: RHB Jorge Villalobos
|
0-0: Ball 1-0: Ball 2-0: Ball 3-0: Base on Balls Jimmy Thomas to second
|
Batting: SHB Gene Roof
|
0-0: Ball 1-0: Called Strike 1-1: Called Strike 1-2: Ball 2-2: Fielders Choice at 2nd, 1-6 (Groundball, 23, EV 63.8 MPH) Jimmy Thomas to third
|
Batting: RHB Lance Junker
|
0-0: Called Strike 0-1: Ball 1-1: Foul Ball, location: 2F 1-2: Strikes out swinging
|
Batting: RHB Mark Strucher
|
0-0: Swinging Strike 0-1: Swinging Strike 0-2: Ball Wild Pitch! Jimmy Thomas scores Gene Roof to second 1-2: Ball 2-2: Ground out 5-3 (Groundball, 56, EV 116.3 MPH)
|
Top of the 4th over - 1 run, 0 hits, 0 errors, 1 left on base; Pompano Beach 3 - Tampa 2 |
BOTTOM OF THE 4TH |
Tampa Pirates batting - Pitching for Pompano Beach Stingrays : RHP Steven Viskas
|
Batting: LHB David Frederick
|
0-0: Swinging Strike 0-1: Foul Ball, location: 2F 0-2: Ball 1-2: DOUBLE (Line Drive, 7LS, EV 105.6 MPH)
|
Batting: RHB Cliff Pastornicky
|
0-0: Ball 1-0: Foul Ball, location: 2F 1-1: SINGLE (Line Drive, 8LS, EV 96.3 MPH) David Frederick to third
|
Batting: LHB Alfredo Rodriguez
|
0-0: Fielders Choice at 2nd, 1-4 (Groundball, 25, EV 63.8 MPH)
|
Batting: RHB Dale Eiler
|
0-0: Foul Ball, location: 2F 0-1: Ball 1-1: Foul Ball, location: 2F 1-2: Foul Ball, location: 2F 1-2: Ball 2-2: Foul Ball, location: 2F Pickoff Throw to First - Out! 1-3 2-2: Strikes out swinging
|
Bottom of the 4th over - 0 runs, 2 hits, 0 errors, 1 left on base; Pompano Beach 3 - Tampa 2 |
TOP OF THE 5TH |
Pompano Beach Stingrays batting - Pitching for Tampa Pirates : RHP Derek Botelho
|
Batting: SHB Juan Molina
|
0-0: Fly out, F8 (Flyball, 78D, EV 103.8 MPH)
|
Batting: LHB Steve Phillips
|
0-0: Ball 1-0: Called Strike 1-1: Foul Ball, location: 2F 1-2: Foul Ball, location: 2F 1-2: Fly out, F8 (Flyball, 8RD, EV 91.3 MPH)
|
Batting: SHB Maury Ornest
|
0-0: Called Strike 0-1: Swinging Strike 0-2: Ball 1-2: Ball 2-2: Strikes out swinging, 2-3 out at first.
|
Top of the 5th over - 0 runs, 0 hits, 0 errors, 0 left on base; Pompano Beach 3 - Tampa 2 |
BOTTOM OF THE 5TH |
Tampa Pirates batting - Pitching for Pompano Beach Stingrays : RHP Steven Viskas
|
Batting: RHB Roy Dixon
|
0-0: Foul Ball, location: 2F 0-1: Called Strike 0-2: Ground out 6-3 (Groundball, 6, EV 93.1 MPH)
|
Batting: LHB Charles Rouse
|
0-0: Ball 1-0: Ball 2-0: Called Strike 2-1: Swinging Strike 2-2: Ball 3-2: Strikes out swinging
|
Batting: RHB Erwin Bryant
|
0-0: Ground out 6-3 (Groundball, 6, EV 89.4 MPH)
|
Bottom of the 5th over - 0 runs, 0 hits, 0 errors, 0 left on base; Pompano Beach 3 - Tampa 2 |
TOP OF THE 6TH |
Pompano Beach Stingrays batting - Pitching for Tampa Pirates : RHP Derek Botelho
|
Batting: RHB William Waag
|
0-0: Ball 1-0: Fly out, F7 (Flyball, 7, EV 89.4 MPH)
|
Batting: RHB Jimmy Thomas
|
0-0: Ball 1-0: Ball 2-0: DOUBLE (Groundball, 5L, EV 109.4 MPH)
|
Batting: RHB Jorge Villalobos
|
0-0: SINGLE (Flyball, 4MD, EV 91.3 MPH) Jimmy Thomas to third
|
Batting: SHB Gene Roof
|
0-0: Called Strike 0-1: Ball 1-1: Ball 2-1: Fly out, F7 (Flyball, 7D, EV 96.3 MPH) Runner from 3rd tags up, SCORES, no throw by LF
|
Batting: RHB Lance Junker
|
0-0: Ball 1-0: Called Strike 1-1: Ball 2-1: Called Strike 2-2: Ball 3-2: Fly out, F4 (Line Drive, 4, EV 76.3 MPH)
|
Top of the 6th over - 1 run, 2 hits, 0 errors, 1 left on base; Pompano Beach 4 - Tampa 2 |
BOTTOM OF THE 6TH |
Tampa Pirates batting - Pitching for Pompano Beach Stingrays : RHP Steven Viskas
|
Batting: RHB Ricky Jones
|
0-0: Swinging Strike 0-1: Called Strike 0-2: Strikes out swinging
|
Batting: LHB Pedro Nunez
|
0-0: Called Strike 0-1: Ball 1-1: Ball 2-1: Ground out U3 (Groundball, 3, EV 106.3 MPH)
|
Batting: LHB David Frederick
|
0-0: Ball 1-0: Ball 2-0: SINGLE (Groundball, 3D, EV 105.6 MPH)
|
Batting: RHB Cliff Pastornicky
|
0-0: Foul Ball, location: 2F 0-1: Ball 1-1: Ball 2-1: SINGLE (Line Drive, 8RS, EV 91.3 MPH) David Frederick to second Runner from 2nd tries for 3rd, SAFE, throw by CF made to third
|
Batting: LHB Alfredo Rodriguez
|
0-0: Ball 1-0: Ball 2-0: Foul Ball, location: 2F 2-1: Fielders Choice at 2nd, 6-4 (Groundball, 6, EV 87.5 MPH)
|
Bottom of the 6th over - 0 runs, 2 hits, 0 errors, 2 left on base; Pompano Beach 4 - Tampa 2 |
TOP OF THE 7TH |
Pompano Beach Stingrays batting - Pitching for Tampa Pirates : RHP Derek Botelho
|
Batting: RHB Mark Strucher
|
0-0: Foul Ball, location: 2F 0-1: Called Strike 0-2: Ball 1-2: Ball 2-2: Single, Error in OF, E9, batter to second base (Line Drive, 9S, EV 107.5 MPH)
|
Batting: SHB Juan Molina
|
0-0: Ball 1-0: Ball 2-0: Ball 3-0: Base on Balls
|
Pitching: LHP Steven Lerner
|
|
Batting: LHB Steve Phillips
|
0-0: Bunt missed! 0-1: Bunt missed! 0-2: Strikes out looking
|
Batting: SHB Maury Ornest
|
0-0: Swinging Strike 0-1: Swinging Strike 0-2: Ball 1-2: Strikes out swinging
|
Batting: RHB William Waag
|
0-0: Foul Ball, location: 2F 0-1: Foul Ball, location: 2F 0-2: Ball 1-2: Foul Ball, location: 2F 1-2: Foul Ball, location: 2F 1-2: Ball 2-2: Foul Ball, location: 2F 2-2: Strikes out swinging
|
Top of the 7th over - 0 runs, 1 hit, 1 error, 2 left on base; Pompano Beach 4 - Tampa 2 |
BOTTOM OF THE 7TH |
Tampa Pirates batting - Pitching for Pompano Beach Stingrays : RHP Steven Viskas
|
Batting: RHB Dale Eiler
|
0-0: Ball 1-0: Ground out 4-3 (Groundball, 4, EV 85.0 MPH)
|
Batting: RHB Roy Dixon
|
0-0: Called Strike 0-1: Fly out, F8 (Flyball, 78D, EV 108.1 MPH)
|
Batting: LHB Charles Rouse
|
0-0: Foul Ball, location: 2F 0-1: Ball 1-1: Ball 2-1: Fly out, F8 (Flyball, 8LD, EV 108.1 MPH)
|
Bottom of the 7th over - 0 runs, 0 hits, 0 errors, 0 left on base; Pompano Beach 4 - Tampa 2 |
TOP OF THE 8TH |
Pompano Beach Stingrays batting - Pitching for Tampa Pirates : LHP Steven Lerner
|
Batting: RHB Jimmy Thomas
|
0-0: Swinging Strike 0-1: Called Strike 0-2: Ball 1-2: Ball 2-2: SINGLE (Groundball, 34D, EV 95.6 MPH)
|
Batting: RHB Jorge Villalobos
|
0-0: Bunt missed! 0-1: Bunted foul 0-2: Ball 1-2: DOUBLE (Line Drive, 89D, EV 111.3 MPH) Jimmy Thomas to third Runner from 3rd tries for Home, SAFE, no throw by RF
|
Batting: SHB Gene Roof
|
0-0: Ball 1-0: Ball 2-0: Called Strike 2-1: Ball 3-1: Fly out, F8 (Flyball, 89XD, EV 94.4 MPH) Runner from 2nd tags up, SAFE at 3rd, no throw by CF
|
Batting: RHB Lance Junker
|
0-0: Called Strike 0-1: SINGLE (Line Drive, 56, EV 94.4 MPH) Jorge Villalobos scores
|
Batting: RHB Mark Strucher
|
0-0: Ball 1-0: Ball 2-0: Ball 3-0: Base on Balls Lance Junker to second
|
Pitching: RHP Eugene Norman
|
|
Batting: SHB Juan Molina
|
0-0: Called Strike 0-1: Ball 1-1: Ball 2-1: Foul Ball, location: 2F 2-2: Ball 3-2: Foul Ball, location: 2F 3-2: Grounds into double play, 6-4-3 (Groundball, 6, EV 86.9 MPH)
|
Top of the 8th over - 2 runs, 3 hits, 0 errors, 1 left on base; Pompano Beach 6 - Tampa 2 |
BOTTOM OF THE 8TH |
Tampa Pirates batting - Pitching for Pompano Beach Stingrays : RHP Steven Viskas
|
Batting: RHB Erwin Bryant
|
0-0: SINGLE (Line Drive, 8LS, EV 92.5 MPH)
|
Batting: RHB Ricky Jones
|
0-0: SINGLE (Line Drive, 6D, EV 106.3 MPH) Erwin Bryant to second Runner from 2nd tries for 3rd, SAFE, throw by CF made to third
|
Batting: LHB Pedro Nunez
|
0-0: Foul Ball, location: 2F 0-1: Ball 1-1: DOUBLE (Line Drive, 7LS, EV 95.6 MPH) Erwin Bryant scores Ricky Jones to third
|
Batting: LHB David Frederick
|
0-0: Foul Ball, location: 2F 0-1: Ball 1-1: Called Strike 1-2: Fly out, F8 (Flyball, 78XD, EV 87.5 MPH) Runner from 3rd tags up, SCORES, no throw by CF Pedro Nunez to third
|
Batting: RHB Cliff Pastornicky
|
0-0: Foul Ball, location: 2F 0-1: Ground out 6-3 (Groundball, 6, EV 86.3 MPH) Pedro Nunez scores
|
Batting: LHB Alfredo Rodriguez
|
0-0: Ball 1-0: Ball 2-0: Fly out, F7 (Flyball, 7D, EV 109.4 MPH)
|
Bottom of the 8th over - 3 runs, 3 hits, 0 errors, 0 left on base; Pompano Beach 6 - Tampa 5 |
TOP OF THE 9TH |
Pompano Beach Stingrays batting - Pitching for Tampa Pirates : RHP Eugene Norman
|
Pitching: LHP Christopher Lombardo
|
|
Batting: LHB Steve Phillips
|
0-0: Ball 1-0: Swinging Strike 1-1: Foul Ball, location: 2F 1-2: Ball 2-2: Strikes out swinging
|
Batting: SHB Maury Ornest
|
0-0: Foul Ball, location: 2F 0-1: Called Strike 0-2: Foul Ball, location: 2F 0-2: Ball 1-2: Ball 2-2: Ball 3-2: Strikes out swinging
|
Batting: RHB William Waag
|
0-0: Ball 1-0: Ball 2-0: Swinging Strike 2-1: Ball 3-1: Fly out, F7 (Flyball, 78S, EV 85.6 MPH)
|
Top of the 9th over - 0 runs, 0 hits, 0 errors, 0 left on base; Pompano Beach 6 - Tampa 5 |
BOTTOM OF THE 9TH |
Tampa Pirates batting - Pitching for Pompano Beach Stingrays : RHP Steven Viskas
|
Pitching: RHP Don Kainer
|
|
Batting: RHB Dale Eiler
|
0-0: Called Strike 0-1: Ball 1-1: Foul Ball, location: 2F 1-2: Fly out, F8 (Line Drive, 8RD, EV 106.3 MPH)
|
Batting: RHB Roy Dixon
|
0-0: Called Strike 0-1: Swinging Strike 0-2: Ball 1-2: Ball 2-2: SINGLE (Groundball, P, EV 86.9 MPH) (infield hit)
|
Pinch Hitting: RHB Rico Sutton
|
0-0: Called Strike 0-1: Ball 1-1: Ball 2-1: Ball 3-1: Foul Ball, location: 2F 3-2: Foul Ball, location: 2F 3-2: Ground out 4-3 (Groundball, 4S, EV 70.6 MPH) Roy Dixon to second
|
Batting: RHB Erwin Bryant
|
0-0: Ball 1-0: Foul Ball, location: 2F 1-1: Foul Ball, location: 2F 1-2: Ball 2-2: Ground out 4-3 (Groundball, 4M, EV 80.6 MPH)
|
Bottom of the 9th over - 0 runs, 1 hit, 0 errors, 1 left on base; Pompano Beach 6 - Tampa 5 |
|